 Dungeon Crawl Stone Soup version 0.30.0-10-gfe55d96785 (webtiles) character file.

Game seed: 4299613965015313745

40 donQuojot the Poker (level 3, -5/33 HPs)
             Began as a Minotaur Berserker on May 15, 2023.
             Was a Follower of Trog.
             Slain by Sigmund
             ... wielding a +1 scythe of pain
              (9 damage)
             ... on level 2 of the Dungeon.
             The game lasted 00:05:48 (1115 turns).

donQuojot the Poker (Minotaur Berserker)            Turns: 1115, Time: 00:05:48

Health: -5/33      AC:  6    Str: 23    XL:     3   Next: 30%
Magic:  2/2        EV: 11    Int:  4    God:    Trog [*.....]
Gold:   27         SH:  0    Dex:  9    Spells: 2/2 levels left

rFire   . . .        d - +4 short sword (venom)
rCold   . . .        (no shield)
rNeg    . . .        i - +0 ring mail
rPois   .            (helmet restricted)
rElec   .            (no cloak)
rCorr   .            f - +0 pair of gloves
SInv    .            (no boots)
Will    .....        (no amulet) Stlth
                     e - ring of flight
HPRegen 0.25/turn    (no ring)
MPRegen 0.08/turn

%: no passive effects
@: on berserk cooldown, flying, slowed, very slow
A: horns 2, retaliatory headbutt
a: Renounce Religion, Berserk


You were on level 2 of the Dungeon.
You worshipped Trog.
Trog was aware of your devotion.
You visited 1 branch of the dungeon, and saw 2 of its levels.

You collected 27 gold pieces.

Inventory:

Hand Weapons
 a - a +0 spear
 d - a +4 short sword of venom (weapon)
Armour
 b - a +0 animal skin
 f - a +0 pair of gloves (worn)
 h - a +0 robe
 i - a +0 ring mail (worn)
Jewellery
 e - a ring of flight (left hand)
Scrolls
 c - a scroll of acquirement {unknown}
 k - a scroll of blinking {unknown}
 l - a scroll of fear {unknown}
Potions
 g - a potion of mutation {unknown}
 j - a potion of flight {unknown}


   Skills:
 + Level 4.3 Fighting
 + Level 0.2 Short Blades
 + Level 4.4 Polearms
 + Level 2.7 Armour
 + Level 2.3 Dodging


You had 2 spell levels left.
You didn't know any spells.
Your spell library was empty.

Dungeon Overview and Level Annotations

Branches:
Dungeon (2/15)

Altars:

Annotations:
D:2 Sigmund


Innate Abilities, Weirdness & Mutations

You have a pair of horns on your head.
You reflexively headbutt those who attack you in melee.


Message History

You feel a strong urge to attack something.
You feel your anger nearly subside.
You are no longer berserk.
You are exhausted.
You feel yourself slow down.
Sigmund zaps a wand.
The puff of flame hits you!
You hit Sigmund.
Sigmund is lightly wounded.
Sigmund gestures at you while chanting. You resist with significant effort.
You closely miss Sigmund. You headbutt Sigmund!
Sigmund is moderately wounded.
Sigmund hits you with a +1 scythe of pain.
You closely miss Sigmund.
Sigmund is moderately wounded.
Sigmund casts a spell at you.
The magic dart hits you but does no damage.
Sigmund gestures at you while chanting.
You are confused.
You bump into the rock wall.
Sigmund hits you with a +1 scythe of pain!
You hit Sigmund.
Sigmund is poisoned.
Sigmund is heavily wounded.
Sigmund barely misses you. Sigmund attacks as you move away!
Sigmund barely misses you. Sigmund casts a spell at you.
You are more confused.
You bump into the rock wall.
Sigmund hits you from afar with a +1 scythe of pain.
You bump into the rock wall.
Sigmund looks more healthy.
Sigmund hits you but does no damage.
You bump into the rock wall.
Sigmund zaps a wand.
The puff of flame misses you.
You're too confused to move!
Sigmund misses you.
Sigmund mumbles some strange words.
Sigmund flickers and vanishes!
Deactivating autopickup; reactivate with Ctrl-A.
You're too confused to move!
You feel less confused. Something hits you!
* * * LOW HITPOINT WARNING * * *
Something hits you!
You die...

......... ...# #
#.....## #.......#
#..#..#.#####...
#.....#
#..#..........##
#...###..##.#.....♣♣#
#.#...........###†♣
#...###...#.#.# #.♣
###...#.#.#.#.###.♣
###.#.#.#.#.#...♣
#@#.#.#.#.#.#.♣♣
#.#.#<#.#...#..♣♣
#.#.###.....#...♣
#.#...........#..♣
..#########.####..
#..# #.#####. ...#
#....... .####
######## .


There were no monsters in sight!

Vanquished Creatures
  An adder (D:2)
  A dart slug (D:1)
  3 bats
  4 endoplasms
  3 hobgoblins (D:2)
  3 jackals (D:1)
  A quokka (D:1)
  3 ball pythons (D:1)
  4 frilled lizards
  3 goblins
  A rat (D:1)
27 creatures vanquished.

Notes
Turn   | Place    | Note
-------+----------+-------------------------------------------
     0 | D:1      | donQuojot the Minotaur Berserker began the quest for the
                  | Orb.
     0 | D:1      | Reached XP level 1. HP: 19/19 MP: 0/0
   122 | D:1      | Reached XP level 2. HP: 25/27 MP: 1/1
   997 | D:2      | Reached XP level 3. HP: 33/33 MP: 2/2
  1097 | D:2      | Noticed Sigmund
  1115 | D:2      | Slain by Sigmund

Illustrated notes

Levels and vault maps discovered:
D:1:      amcnicky_arrival_choice, layout_loops_ring
D:2:      layout_basic, dilly_ecumenical_altar_fadedgnrine, uniq_robin,
          uniq_sigmund

Skill      XL: |  1  2 |
---------------+-------+-----
Fighting       | 4 |  4.3
Polearms       | 4 |  4.4
Short Blades   | |  0.2
Armour         | |  2.7
Dodging        | |  2.3

Action                     || total
---------------------------++-------
  Melee: Spear             ||    13
         Headbutt          ||    10
         Short sword       ||    45
         Punch             ||     1
  Throw: Stone             ||     6
 Invoke: Berserk           ||     1
 Armour: Animal skin       ||     5
         Ring mail         ||    14
         Robe              ||     2
         Skin              ||     1
  Dodge: Dodged            ||    44
